 Dungeon Crawl Stone Soup version 0.22-a0-619-ga0c6fd2 (webtiles) character file.

12 Amnesiac the Magician (level 2, -2/19 HPs)
             Began as a Mummy Earth Elementalist on July 14, 2018.
             Slain by an orc (4 damage)
             ... on level 3 of the Dungeon.
             The game lasted 00:00:57 (294 turns).

Amnesiac the Magician (Mummy Earth Elementalist)     Turns: 294, Time: 00:00:58

Health: -2/19      AC:  2    Str: 11    XL:     2   Next: 20%
Magic:  1/6        EV: 12    Int: 14    God:
Gold:   31         SH:  0    Dex: 12    Spells: 6/7 levels left

rFire    x . .     SeeInvis +   (no weapon)
rCold    + . .     Gourm    .   (no shield)
rNeg     + + +     Faith    .   c - +0 robe
rPois    ∞         Spirit   .   (no helmet)
rElec    .         Reflect  .   (no cloak)
rCorr    .         Harm     .   (no gloves)
MR       .....                  (no boots)
Stlth    ++........             (no amulet)
HPRegen  0.06/turn              a - ring of see invisible (curse)
MPRegen  0.10/turn              e - ring of positive energy

@: no status effects
A: no food or potions, fire vulnerability, cold resistance 1, negative energy
resistance 3, torment resistance, unbreathing
a: no special abilities


You were on level 3 of the Dungeon.
You were not hungry.

You visited 1 branch of the dungeon, and saw 3 of its levels.

You collected 31 gold pieces.

Inventory:

Missiles
 b - 95 stones (quivered)
Armour
 c - a +0 robe (worn)
Jewellery
 a - a cursed ring of see invisible (left hand)
 e - a ring of positive energy (right hand)
Scrolls
 d - 2 scrolls of teleportation {!r, unknown}


   Skills:
 - Level 1.5 Dodging
 - Level 1.5 Stealth
 + Level 3.0 Spellcasting
   Level 0.7 Transmutations
 * Level 2.9 Earth Magic


You had 6 spell levels left.
You knew the following spells:

 Your Spells              Type           Power        Failure   Level  Hunger
a - Sandblast             Erth           ##....       6%          1    N/A

Your spell library contained the following spells:

 Spells                   Type           Power        Failure   Level  Hunger
 Stone Arrow              Conj/Erth      #.....       34%         3    N/A
 Passwall                 Tmut/Erth      #.......     16%         2    N/A
 Lee's Rapid Deconstruct  Erth           ##........   87%         5    N/A
 Petrify                  Tmut/Erth      #.......     69%         4    N/A

Dungeon Overview and Level Annotations

Branches:
Dungeon (3/15)

Altars:


Innate Abilities, Weirdness & Mutations

You do not eat or drink.
Your flesh is vulnerable to fire.
You are immune to poison.
Your flesh is cold resistant. (rC+)
You are immune to negative energy. (rN+++)
You are immune to unholy pain and torment.
You can survive without breathing.


Message History

Aim: a giant cockroach (clinging)
The blast of sand hits the giant cockroach.
The giant cockroach is heavily wounded.
b - 99 stones The giant cockroach bites you but does no damage.
The orc hits you. The giant cockroach barely misses you.
Casting: Sandblast (safe; 7% risk of failure)
Confirm with . or Enter, or press ? or * to list all spells.
Aiming: Sandblast (safe; 7% risk of failure)
Press: ? - help, Shift-Dir - straight line, f/p - giant cockroach
Aim: a giant cockroach (heavily wounded, clinging)
The blast of sand hits the giant cockroach.
You kill the giant cockroach!
Your Spellcasting skill increases to level 3!
b - 98 stones The orc closely misses you.
Casting: Sandblast (safe; 6% risk of failure)
Confirm with . or Enter, or press ? or * to list all spells.
Aiming: Sandblast (safe; 6% risk of failure)
Press: ? - help, Shift-Dir - straight line, f - orc
Aim: an orc, wearing a ring mail The blast of sand hits the orc.
b - 97 stones The orc barely misses you.
Casting: Sandblast (safe; 6% risk of failure)
Confirm with . or Enter, or press ? or * to list all spells.
Aiming: Sandblast (safe; 6% risk of failure)
Press: ? - help, Shift-Dir - straight line, f/p - orc
Aim: an orc, wearing a ring mail The blast of sand misses the orc.
b - 96 stones The orc hits you.
Casting: Sandblast (safe; 6% risk of failure)
Confirm with . or Enter, or press ? or * to list all spells.
Aiming: Sandblast (safe; 6% risk of failure)
Press: ? - help, Shift-Dir - straight line, f/p - orc
Aim: an orc, wearing a ring mail The blast of sand hits the orc.
b - 95 stones The orc completely misses you.
Casting: Sandblast (safe; 6% risk of failure)
Confirm with . or Enter, or press ? or * to list all spells.
You don't have enough magic to cast that spell.
Casting: Sandblast (safe; 6% risk of failure)
Confirm with . or Enter, or press ? or * to list all spells.
You don't have enough magic to cast that spell.
Casting: Sandblast (safe; 6% risk of failure)
Confirm with . or Enter, or press ? or * to list all spells.
You don't have enough magic to cast that spell.
You hit the orc but do no damage. The orc barely misses you.
You barely miss the orc. The orc closely misses you.
You see here a giant cockroach corpse.
You hit the orc.
The orc is moderately wounded.
The orc hits you.
* * * LOW HITPOINT WARNING * * *
You hit the orc but do no damage.
The orc is moderately wounded.
The orc hits you.
* * * LOW HITPOINT WARNING * * *
You hit the orc.
The orc is severely wounded.
The orc hits you.
You die...

# .# ..# ...#
################.!..#.
#....@o...o....†))....
#..#############..##$..
..... ..###.. ..# #.#
.# .#


You could see an orc wizard and an orc.

Vanquished Creatures
  An orc (D:3)
  A giant cockroach (D:3)
  2 goblins
  3 hobgoblins
  A ball python (D:3)
  2 frilled lizards
10 creatures vanquished.

Notes
Turn   | Place    | Note
-------+----------+-------------------------------------------
     0 | D:1      | Amnesiac the Mummy Earth Elementalist began the quest for the Orb.
     0 | D:1      | Reached XP level 1. HP: 13/13 MP: 4/4
   189 | D:3      | Noticed an orc wizard
   190 | D:3      | Reached XP level 2. HP: 19/19 MP: 2/5
   285 | D:3      | Reached skill level 3 in Spellcasting
   294 | D:3      | Slain by an orc

Vault maps used:
D:1:      minmay_arrival_radiant_lines, minmay_tetromino_o4
D:2:      uniq_jessica
D:3:      cheibrodos_old_hovel

Skill      XL: |  1  2 |
---------------+-------+-----
Spellcasting   | 3 |  3.0
Dodging        | |  1.5
Stealth        | |  1.5
Transmutations | |  0.7
Earth Magic    | |  2.9

Action                   || total
-------------------------++-------
Melee: Unarmed           ||    15
 Cast: Sandblast         ||    16
Armor: Robe              ||     3
Dodge: Dodged            ||    23

Table legend:
 A = Spawn XP
 B = Non-spawn XP
 C = Spawn XP percentage of total XP
 D = Spawn monster count
 E = Non-spawn monster count
 F = Spawn count percentage of total count
 G = Total turns spent on level
                    A         B        C        D         E        F      G
               +---------+---------+-------+---------+---------+-------+---------
         Total |       0 |      18 |   0.0 |       0 |      10 |   0.0 |   294
               +---------+---------+-------+---------+---------+-------+---------
           D:2 |       0 |       7 |   0.0 |       0 |       4 |   0.0 |   138
           D:3 |       0 |      11 |   0.0 |       0 |       6 |   0.0 |    81
               +---------+---------+-------+---------+---------+-------+---------
